 Dungeon Crawl Stone Soup version 0.29.0-4-gdea44cf6ec (webtiles) character file.

Game seed: 10066520528764173669

100 qw the Chopper (level 4, 0/36 HPs)
             Began as a Barachi Chaos Knight on Sept 4, 2022.
             Slain by a goblin
             ... wielding a +0 club
             ... led by Robin
              (2 damage)
             ... on level 3 of the Dungeon.
             The game lasted 00:01:06 (3248 turns).

qw the Chopper (Barachi Chaos Knight)               Turns: 3248, Time: 00:01:06

Health: 0/36       AC:  7    Str: 15    XL:     4   Next: 73%
Magic:  4/4        EV: 18    Int: 12    God:
Gold:   117        SH:  0    Dex: 12    Spells: 3/3 levels left

rFire   + + .      SeeInvis .   (weapon currently unavailable)
rCold   + + .      Faith    .   (shield currently unavailable)
rNeg    + + +      Spirit   .   (body armour currently unavailable)
rPois   inf        Reflect  .   (helmet currently unavailable)
rElec   +          Harm     .   (cloak currently unavailable)
rCorr   +          Rampage  .   (gloves currently unavailable)
Will    .....                   (boots currently unavailable)
Stlth   +.........              (amulet currently unavailable)
HPRegen 0.12/turn               (ring currently unavailable)
MPRegen 0.09/turn               (ring currently unavailable)

@: wisp-form, flying
A: insubstantial, flying, no casting, (amphibious), tiny, (slowness 1), (strong
legs 1), +LOS, (iridescent scales 1), (electricity resistance), subdued magic 1
a: no special abilities


You were on level 3 of the Dungeon.
You were an insubstantial wisp.
You visited 1 branch of the dungeon, and saw 3 of its levels.

You collected 117 gold pieces.


Innate Abilities, Weirdness & Mutations

You are an insubstantial wisp.
Your tiny insubstantial body is highly resistant to most damage types.
You are flying.
Your equipment is entirely melded.
You are incapable of wielding weapons or throwing items.
You cannot cast spells.
((You are amphibious.))
((You cover ground slowly.))
((You can hop short distances.))
You have an extended range of vision and can be seen from far away.
((You are partially covered in iridescent scales. (AC +2)))
((You are resistant to electric shocks. (rElec)))
Your spells are a little easier to cast, but a little less powerful.


   Skills:
 - Level 3.6 Fighting
 + Level 5.5 Axes
 - Level 1.4 Throwing
 - Level 2.4 Armour
 - Level 1.1 Dodging


You had 3 spell levels left.
You didn't know any spells.
Your spell library was empty.

Inventory:

Hand Weapons
 j - a +0 whip
 Y - a +0 war axe (melded)
Missiles
 b - 6 javelins
Armour
 m - a +0 ring mail (melded)
Jewellery
 a - a ring of ice
 f - a ring of resist corrosion
 h - a +4 ring of protection (melded)
 l - a ring of willpower (melded)
Potions
 d - a potion of magic {unknown}
 g - a potion of invisibility {unknown}
 i - a potion of mutation {unknown}
 k - a potion of resistance {unknown}
 o - a potion of berserk rage {unknown}
 p - a potion of might {unknown}
Miscellaneous
 c - a piece from Xom's chessboard (15/15)

Dungeon Overview and Level Annotations

Branches:
Dungeon (3/15)

Altars:

Annotations:
D:3 Robin


Message History

Robin's bangles clink loudly.
Ijyb closely misses you.
You touch Ijyb but do no damage.
Ijyb is heavily wounded.
The goblin completely misses you. Ijyb hits you but does no damage.
You barely miss Ijyb.
Ijyb is heavily wounded.
The goblin completely misses you. The hobgoblin barely misses you.
Robin misses you. Ijyb misses you.
You closely miss Ijyb.
Ijyb is heavily wounded.
The goblin no longer looks unusually strong.
The goblin hits you with a +0 club. The hobgoblin completely misses you.
Ijyb hits you with a +0 club!
You touch Ijyb.
Ijyb is severely wounded.
The goblin no longer looks unusually strong.
The goblin closely misses you. The hobgoblin closely misses you.
Robin closely misses you. Ijyb misses you.
You barely miss Ijyb.
Ijyb is severely wounded.
Ijyb no longer looks unusually strong.
The goblin hits you but does no damage. The hobgoblin closely misses you.
Robin says, "My army is invincible!"
Robin closely misses you. Ijyb hits you with a +0 club.
You touch Ijyb!
You kill Ijyb!
The hobgoblin no longer looks unusually strong.
The hobgoblin barely misses you. Robin barely misses you.
The goblin closely misses you.
Your Throwing skill increases to level 1!
You touch Robin.
Robin is lightly wounded.
The hobgoblin misses you. Robin throws the goblin at you!
The goblin hits you but does no damage.
You touch Robin.
Robin is moderately wounded.
The hobgoblin closely misses you. Robin completely misses you.
The goblin hits you with a +0 club.
You die...

#.#........#
#.#.######.#
#.#.# #.#.#
#.#.## #.#..#
#.##.# ..##g#
####v#
#.<..gggg).....#
..######.#######
#.# #.# #.# ..#
###


You could see Robin, 2 hobgoblins and 2 goblins.

Vanquished Creatures
  Ijyb (D:3)
  3 adders (D:2)
  A worm (D:2)
  A dart slug (D:2)
  An endoplasm (D:1)
  3 giant cockroaches
  7 goblins
  5 hobgoblins
  A quokka (D:1)
  6 ball pythons
  9 bats
  3 frilled lizards
  2 kobolds
  2 rats
45 creatures vanquished.

Notes
Turn   | Place    | Note
-------+----------+-------------------------------------------
     0 | D:1      | qw the Barachi Chaos Knight began the quest for the Orb.
     0 | D:1      | Reached XP level 1. HP: 18/18 MP: 1/1
     0 | D:1      | 0 ||| qw: Version: 0.1-a-103-gd6f5d3a
     0 | D:1      | 0 ||| qw: Game counter: 5528
     0 | D:1      | 0 ||| qw: Always use a shield: true
     0 | D:1      | 0 ||| qw: God list: Okawaru
     0 | D:1      | 0 ||| qw: Allow faded altars: false
     0 | D:1      | 0 ||| qw: Do Orc after D:15 true
     0 | D:1      | 0 ||| qw: Do second Lair branch before Depths: true
     0 | D:1      | 0 ||| qw: Lair rune preference: random
     0 | D:1      | 0 ||| qw: Plans: Normal
     0 | D:1      | 0 ||| PLANNING D:1-11
     0 | D:1      | Fell from the grace of Xom
   110 | D:1      | XOM: give mutation
   110 | D:1      | Gained mutation: You are resistant to electric shocks.
                  | (rElec) [Xom's mischief]
   291 | D:1      | Reached XP level 2. HP: 19/24 MP: 2/2
   567 | D:1      | Reached skill level 4 in Axes
   677 | D:1      | 677 ||| Stepping ~*~*~tactically~*~*~ (stealth).
   678 | D:1      | 678 ||| Stepping ~*~*~tactically~*~*~ (stealth).
   684 | D:1      | 684 ||| Stepping ~*~*~tactically~*~*~ (stealth).
   780 | D:1      | XOM: give mutation
   780 | D:1      | Gained mutation: Your spells are a little easier to cast,
                  | but a little less powerful. [Xom's mischief]
   819 | D:1      | Found a faded altar of an unknown god.
  1165 | D:1      | Reached XP level 3. HP: 29/29 MP: 3/3
  1418 | D:1      | 1418 ||| UPGRADING to +0 ring mail.
  1428 | D:1      | 1428 ||| DROPPING +2 leather armour.
  1429 | D:1      | 1429 ||| UPGRADING to ring of resist corrosion.
  1430 | D:1      | 1430 ||| UPGRADING to ring of willpower.
  1431 | D:1      | 1431 ||| READING scroll labelled DOYRUU NIOLUTRUU.
  1432 | D:1      | 1432 ||| READING scroll labelled NYEGAJ EMNI.
  1433 | D:1      | 1433 ||| READING scroll labelled MUELUY FASIR.
  1434 | D:1      | 1434 ||| READING scroll labelled WOFYTHIDWY.
  1435 | D:1      | 1435 ||| Stepping randomly (stuck).
  1436 | D:1      | 1436 ||| Stepping ~*~*~tactically~*~*~ (cloud).
  1439 | D:1      | HP: 7/29 [poisoned by you (poison gas)]
  1444 | D:1      | HP: 3/29 [poisoned by you (poison gas)]
  1776 | D:2      | 1776 ||| FLEEEEING.
  1777 | D:2      | 1777 ||| STAIRDANCE
  1898 | D:2      | 1898 ||| STAIRDANCE
  1932 | D:2      | 1932 ||| SWAPPING to +0 war axe.
  1933 | D:2      | 1933 ||| DROPPING +0 hand axe of chaos.
  1973 | D:2      | 1973 ||| Stepping ~*~*~tactically~*~*~ (stealth).
  2014 | D:2      | Reached skill level 5 in Axes
  2048 | D:2      | 2048 ||| Stepping ~*~*~tactically~*~*~ (hiding).
  2049 | D:2      | 2049 ||| Stepping ~*~*~tactically~*~*~ (hiding).
  2050 | D:2      | 2050 ||| Stepping ~*~*~tactically~*~*~ (hiding).
  2051 | D:2      | 2051 ||| Stepping ~*~*~tactically~*~*~ (hiding).
  2052 | D:2      | 2052 ||| Stepping ~*~*~tactically~*~*~ (hiding).
  2054 | D:2      | 2054 ||| Stepping ~*~*~tactically~*~*~ (hiding).
  2350 | D:2      | 2350 ||| DROPPING +0 club.
  2479 | D:2      | Reached XP level 4. HP: 11/36 MP: 4/4
  2591 | D:2      | XOM: give mutation
  2591 | D:2      | Gained mutation: You are partially covered in iridescent
                  | scales. (AC +2) [Xom's grace]
  2796 | D:2      | XOM: noise
  3016 | D:2      | 3016 ||| UPGRADING to +4 ring of protection.
  3018 | D:2      | 3018 ||| READING scroll labelled OTO LINIVVALOCK.
  3119 | D:2      | 3119 ||| READING scroll labelled LON TIGIROI.
  3223 | D:3      | Noticed Ijyb
  3226 | D:3      | Noticed Robin
  3243 | D:3      | HP: 3/36 [Ijyb/+0 club (8)]
  3245 | D:3      | HP: 1/36 [Ijyb/+0 club (2)]
  3246 | D:3      | Killed Ijyb
  3247 | D:3      | Reached skill level 1 in Throwing
  3248 | D:3      | Slain by a goblin

Levels and vault maps discovered:
D:1:      kennysheep_arrival_forest, layout_loops_corners,
          ebering_ecumenical_altar_petrified, roderic_roman_lattice
D:2:      layout_basic
D:3:      layout_loops_ring, hangedman_decor_peaks_small, uniq_grinder,
          uniq_natasha, uniq_robin, uniq_ijyb

Skill      XL: |  1  2  3  4 |
---------------+-------------+-----
Axes           | 4 5 |  5.5
Throwing       | 1 |  1.4
Fighting       | |  3.6
Armour         | |  2.4
Dodging        | |  1.1

Action                   |  1- 3 |  4- 6 || total
-------------------------+-------+-------++-------
Melee: Hand axe          |    76 |       ||    76
       War axe           |    40 |    18 ||    58
       Unarmed           |       |    16 ||    16
Invok: Renounce Religion |     1 |       ||     1
  Use: Scroll            |     4 |     2 ||     6
 Stab: Sleeping          |     1 |       ||     1
Armor: Leather armour    |    31 |       ||    31
       Ring mail         |    25 |    16 ||    41
       Skin              |       |     5 ||     5
Dodge: Dodged            |    62 |    54 ||   116

Table legend:
 A = Non-vault XP
 B = Vault XP
 C = Vault XP percentage of total XP
 D = Non-vault monster count
 E = Vault monster count
 F = Vault count percentage of total count
                 A         B        C        D         E       F
            +---------+---------+-------+---------+---------+-------
      Total |     104 |      39 |  27.3 |      41 |       4 |   8.9
            +---------+---------+-------+---------+---------+-------
        D:1 |      39 |       0 |   0.0 |      25 |       0 |   0.0
        D:2 |      64 |       0 |   0.0 |      15 |       0 |   0.0
        D:3 |       1 |      39 |  97.5 |       1 |       4 |  80.0
            +---------+---------+-------+---------+---------+-------
